 Dungeon Crawl Stone Soup version 0.17-a0-1468-gbf503c2 (webtiles) character file.

163 pulse the Chopper (level 5, -8/43 HPs)
             Began as a Formicid Berserker on July 1, 2015.
             Was a Priest of Trog.
             Mangled by an ogre
             ... wielding a +0 giant club
              (17 damage)
             ... on level 4 of the Dungeon.
             The game lasted 00:05:04 (3304 turns).

pulse the Chopper (Formicid Berserker)              Turns: 3304, Time: 00:05:04

Health: -8/43      AC:  9    Str: 22    XL:     5   Next: 72%
Magic:  5/5        EV: 11    Int:  7    God:    Trog [***...]
Gold:   171        SH:  0    Dex: 10    Spells: 0 memorised, 4 levels left

rFire  + . .     SeeInvis +     b - +0 war axe
rCold  + . .     Clarity  .     p - +3 ring mail
rNeg   . . .     SustAt   .     (no shield)
rPois  +         Gourm    .     (helmet unavailable)
rElec  +         Spirit   .     i - +0 cloak
rCorr  +         Warding  .     (no gloves)
rMut   .         Stasis   +     (no boots)
MR     .....                    e - amulet of resist corrosion
Stlth  ..........               (no ring)
                                (no ring)

@: resistant, not resistant to hostile enchantments, extremely unstealthy
A: permanent stasis, dig shafts and tunnels, four strong arms, antennae 3
a: Dig, Shaft Self, Burn Spellbooks, Trog's Hand, Renounce Religion


You were on level 4 of the Dungeon.
You worshipped Trog.
Trog was most pleased with you.
You were not hungry.

You visited 1 branch of the dungeon, and saw 4 of its levels.

You collected 171 gold pieces.

Inventory:

Hand weapons
 b - a +0 war axe (weapon)
Armour
 i - a +0 cloak (worn)
 p - a +3 ring mail (worn)
Jewellery
 e - an amulet of resist corrosion (around neck)
 n - an uncursed ring of ice
Scrolls
 a - a scroll of blinking {unknown}
 d - 3 scrolls of identify
 h - 2 scrolls of recharging {unknown}
 j - 2 scrolls of enchant armour {unknown}
 l - 2 scrolls of magic mapping {unknown}
Potions
 g - 2 potions of brilliance
 m - a potion of curing
Comestibles
 c - 4 bread rations
 f - 3 fruits
 k - 2 meat rations


   Skills:
 + Level 4.3 Fighting
 * Level 4.8 Axes
 + Level 3.1 Armour
 - Level 1.8 Dodging


You had 4 spell levels left.
You didn't know any spells.

Dungeon Overview and Level Annotations

Branches:
Dungeon (4/15)
 Temple: D:4-7

Altars:
Gozag
Kikubaaqudgha
Nemelex Xobeh
Okawaru
Yredelemnul


Innate Abilities, Weirdness & Mutations

You are under a permanent stasis effect.
You can dig through walls and to a lower floor.
Your four strong arms can wield two-handed weapons with a shield.
You have a pair of large antennae on your head (SInv).


Message History

The ogre hits you with a giant club.
You barely miss the ogre.
The ogre is moderately wounded.
The ogre hits you with a giant club!
You hit the ogre.
The ogre is moderately wounded.
The ogre misses you.
You hit the ogre.
The ogre is heavily wounded.
The ogre hits you with a giant club!!
* * * LOW HITPOINT WARNING * * *
You are too injured to fight recklessly!
You are too injured to fight recklessly!
You are too injured to fight recklessly!
Drink which item? (? for menu, Esc to quit)
It was a potion of resistance.
You feel protected.
Drink which item? (? for menu, Esc to quit)
You feel better. The ogre hits you with a giant club!
You die...

## .# .### ...
..# ..#
...#.###..#
.....aO@..#
.#.#..#........
#. ....#.#.. #
.......(.
....#.... .
........#...
###...#.###..
....... %.


You could see an ogre and a worker ant.

Vanquished Creatures
  An orc wizard (D:3)
  4 adders
  An ooze (D:1)
  2 worms (D:2)
  A giant gecko (D:2)
  17 orcs (D:3)
  3 giant cockroaches (D:3)
  7 hobgoblins
  2 quokkas
  9 giant newts
  11 goblins
  6 jackals (D:1)
  8 kobolds
  A quokka zombie (D:3)
  9 rats
82 creatures vanquished.

Notes
Turn   | Place    | Note
--------------------------------------------------------------
     0 | D:1      | pulse the Formicid Berserker began the quest for the Orb.
     0 | D:1      | Reached XP level 1. HP: 18/18 MP: 1/1
   155 | D:1      | Reached XP level 2. HP: 10/24 MP: 2/2
   611 | D:1      | Reached XP level 3. HP: 26/29 MP: 3/3
   683 | D:1      | Acquired Trog's second power
  1537 | D:2      | Reached skill level 4 in Axes
  1537 | D:2      | Reached XP level 4. HP: 33/37 MP: 4/4
  1784 | D:2      | Found an opulent altar of Gozag.
  1784 | D:2      | Found a sparkling altar of Nemelex Xobeh.
  1785 | D:2      | Found an ancient bone altar of Kikubaaqudgha.
  2281 | D:3      | Found a basalt altar of Yredelemnul.
  2293 | D:3      | Reached XP level 5. HP: 28/42 MP: 5/5
  2621 | D:3      | Found an iron altar of Okawaru.
  3295 | D:4      | Noticed an ogre
  3302 | D:4      | HP: 1/43 [ogre/giant club (19)]
  3304 | D:4      | Mangled by an ogre

Vault maps used:
D:1:      dpeg_arrival_refuge
D:2:      gammafunk_temple_overflow_claw
D:3:      okawaru_gym_becter, nicolae_overflow_crystal_walls, first_bread
D:4:      uniq_robin, uniq_grinder, uniq_edmund

Action                   |  1- 3 |  4- 6 || total
-------------------------+-------+-------++-------
Melee: Hand axe          |   116 |    11 ||   127
       War axe           |       |   134 ||   134
  Use: Scroll            |       |     3 ||     3
       Potion            |       |     2 ||     2
  Eat: Chunk             |     2 |     4 ||     6
       Beef jerky        |       |     1 ||     1
